 Dungeon Crawl Stone Soup version 0.19-a0-607-g42021f0 (webtiles) character file.

115 georgeearnest the Skirmisher (level 5, -7/46 HPs)
             Began as a Hill Orc Fighter on June 12, 2016.
             Mangled by an ogre
             ... wielding a +0 giant club
              (18 damage)
             ... on level 3 of the Dungeon.
             The game lasted 00:02:22 (1583 turns).

georgeearnest the Skirmisher (Hill Orc Fighter)     Turns: 1583, Time: 00:02:23

Health: -7/46      AC:  7    Str: 20    XL:     5   Next: 0%
Magic:  5/5        EV:  8    Int:  8    God:
Gold:   77         SH:  9    Dex: 10    Spells: 0 memorised, 4 levels left

rFire  . . .     SeeInvis .     a - +0 war axe
rCold  . . .     Gourm    .     b - +0 scale mail
rNeg   . . .     Faith    .     c - +0 shield
rPois  .         Spirit   .     (no helmet)
rElec  .         Dismiss  .     (no cloak)
rCorr  .         Reflect  .     (no gloves)
SustAt .         Harm     .     (no boots)
MR     .....                    (no amulet)
Stlth  ..........               (no ring)
                                (no ring)

@: not resistant to hostile enchantments, extremely unstealthy
A: no striking features
a: no special abilities


You were on level 3 of the Dungeon.
You were not hungry.

You visited 1 branch of the dungeon, and saw 3 of its levels.

You collected 77 gold pieces.

Inventory:

Hand Weapons
 a - a +0 war axe (weapon)
Missiles
 q - a throwing net (quivered)
Armour
 b - a +0 scale mail (worn)
 c - a +0 shield (worn)
Scrolls
 e - 3 scrolls of random uselessness {unknown}
 g - a scroll of amnesia {unknown}
 h - 2 scrolls of recharging {unknown}
 i - a scroll of identify {unknown}
 l - a scroll of magic mapping {unknown}
 m - a scroll of enchant armour {unknown}
 o - 2 scrolls of noise {unknown}
Potions
 d - a potion of might
 j - a potion of berserk rage {unknown}
 k - a potion of flight {unknown}
 p - a potion of heal wounds {unknown}
 r - a potion of degeneration {unknown}
Comestibles
 f - 2 bread rations
 n - 2 meat rations


   Skills:
 + Level 4.3 Fighting
 + Level 3.6 Axes
 + Level 3.9 Armour
 + Level 1.1 Dodging
 + Level 4.3 Shields


You had 4 spell levels left.
You didn't know any spells.

Dungeon Overview and Level Annotations

Branches:
Dungeon (3/15)

Altars:
Trog
Xom


Message History

The bat hits you but does no damage. The bat hits you but does no damage.
You see here a scroll labeled MOSIFO CAABU.
You block the bat's attack. The bat hits you but does no damage.
You open the door. The bat hits you but does no damage.
You block the bat's attack. The bat hits you but does no damage.
There is an open door here.
You slash the bat!
You kill the bat!
You have reached level 5!
You feel stronger.
You hit the ogre.
The ogre is lightly wounded.
You block the ogre's attack.
You see here a bat corpse.
You block the ogre's attack.
A bat comes into view.
The ogre hits you with a giant club!!
You die...

........#.....##....##
........#####.#......#
........##...........###.
........#.....#..........
........#..####..........
........#..# #.#........
........#..####.#........
.........#..##............
...........@...#.#........
............O..#.#........
...............#.#####..##
.........#####.#.. ..#
.............#.### .#
.......b.###.#.# #
.(......####.#†#
.........)...#'######.
.........###..........


You could see an ogre and a bat.

Vanquished Creatures
  A worker ant (D:3)
  2 adders (D:2)
  A worm (D:2)
  3 dart slugs
  5 giant geckos
  10 bats
  10 goblins
  8 hobgoblins
  5 giant newts
  6 kobolds
  4 rats
55 creatures vanquished.

Notes
Turn   | Place    | Note
--------------------------------------------------------------
     0 | D:1      | georgeearnest the Hill Orc Fighter began the quest for the Orb.
     0 | D:1      | Reached XP level 1. HP: 19/19 MP: 1/1
    48 | D:1      | Reached XP level 2. HP: 11/27 MP: 2/2
   595 | D:1      | Reached XP level 3. HP: 32/33 MP: 3/3
  1130 | D:2      | Reached skill level 1 in Dodging
  1130 | D:2      | Reached XP level 4. HP: 32/40 MP: 4/4
  1176 | D:2      | Found a bloodstained altar of Trog.
  1236 | D:2      | Found a shimmering altar of Xom.
  1557 | D:3      | Noticed an ogre
  1574 | D:3      | Reached XP level 5. HP: 10/46 MP: 5/5
  1583 | D:3      | Mangled by an ogre

Vault maps used:
D:1:      dpeg_arrival_round_c
D:2:      lemuel_doored_altar, overflow_temple_1_default, first_bread
D:3:      uniq_natasha

Skill      XL: |  1  2  3  4 |
---------------+-------------+-----
Axes           | 3 |  3.6
Fighting       | 4 |  4.3
Dodging        | 1 |  1.1
Shields        | 4 |  4.3
Armour         | |  3.9

Action                   |  1- 3 |  4- 6 || total
-------------------------+-------+-------++-------
Melee: War axe           |   132 |    61 ||   193
  Eat: Bread ration      |       |     1 ||     1
Armor: Scale mail        |    59 |    28 ||    87
Dodge: Dodged            |    45 |    26 ||    71
Block: Shield            |    80 |    35 ||   115
